Map: Dragon Scales LE

Players

Fallenger

  • Race: Zerg Zerg
  • Spawn Location: 11:00

Classic - Winner!

  • Race: Protoss Protoss
  • Spawn Location: 5:00

VOD

Have the link to the VOD?

Description

Time

  • Played on: March 20, 2023, 10:07 a.m.
  • Length: 9:10
Show
View Real Time Build Order
Export as new Build Order

Fallenger Zerg 

Build Orders: Hatch First 

Get SALT Encoding   

  12  0:00  Drone  
  13  0:13  Overlord  
  13  0:17  Drone  
  14  0:31  Drone  
  14  0:32  Drone  
  16  0:46  Drone x2  
  18  0:55  Hatchery  
  17  0:58  Drone  
  17  1:00  Extractor  
  17  1:13  Spawning Pool  
  17  1:17  Drone  
  17  1:20  Drone  
  18  1:29  Drone  
  19  1:40  Drone  
  20  1:53  Overlord  
  20  2:01  Queen  
  22  2:08  Queen  
  22  2:09  Zergling x2  
  22  2:10  Zergling x2  
  26  2:20  Metabolic Boost  
  26  2:21  Drone  
  26  2:22  Drone  
  28  2:30  Drone x2  
  30  2:42  Hatchery  
  29  2:48  Queen  
  29  2:50  Zergling x4  
  33  2:57  Overlord  
  33  2:59  Drone  
  33  3:00  Drone  
  33  3:02  Drone  
  36  3:14  Drone  
  36  3:19  Drone  
  36  3:22  Drone x3, Overlord  
  36  3:24  Drone x2  
  41  3:29  Overlord  
  41  3:35  Drone  
  41  3:40  Spore Crawler  
  41  3:42  Drone x2  
  39  3:57  Drone x3  
  39  4:01  Drone x3  
  45  4:03  Drone  
  45  4:05  Drone  
  46  4:10  Drone x4  
  46  4:15  Drone  
  50  4:18  Queen  
  50  4:21  Spore Crawler  
  50  4:22  Drone x2  
  52  4:25  Evolution Chamber  
  52  4:27  Drone x2, Spore Crawler  
  52  4:30  Drone  
  53  4:39  Zergling x10  
  53  4:44  Overlord  
  58  4:51  Baneling Nest, Zerg Melee Weapons Level 1  
  57  4:59  Queen  
  58  5:02  Drone x7  
  58  5:05  Drone  
  58  5:06  Drone  
  65  5:08  Overlord  
  65  5:11  Overlord  
  65  5:15  Extractor  
  65  5:16  Extractor  
  65  5:17  Drone x2  
  63  5:27  Drone x6  
  66  5:35  Overlord  
  63  5:39  Drone x4  
  63  5:40  Drone  
  63  5:42  Lair  
  68  5:43  Drone  
  68  5:44  Drone  
  68  5:46  Hatchery  
  68  5:47  Drone x2  
  68  5:48  Drone  
  72  5:52  Drone  
  72  5:53  Drone x2  
  72  5:55  Drone x2  
  72  5:56  Drone  
  78  5:59  Extractor  
  77  6:10  Overlord  
  77  6:13  Zergling x12  
  83  6:23  Overlord  
  83  6:29  Drone x2  
  83  6:30  Extractor  
  83  6:32  Overlord  
  84  6:33  Zergling x2  
  84  6:34  Zergling x10  
  84  6:39  Overlord  
  86  6:48  Drone x5  
  86  6:51  Hydralisk Den  
  86  6:53  Drone  
  89  6:59  Centrifugal Hooks  
  89  7:00  Overlord  
  89  7:01  Zergling x14  
  93  7:16  Zergling x2  
  93  7:17  Zergling x10  
  93  7:19  Overlord  
  93  7:22  Hydralisk x2, Muscular Augments  
  99  7:23  Hydralisk x4  
  111  7:30  Zergling x10  
  114  7:41  Hydralisk x4  
  119  7:48  Hydralisk x4  
  123  7:57  Hydralisk x4  
  127  7:59  Zergling x6  
  127  8:17  Hydralisk x6  
  133  8:22  Zergling x12  
  137  8:32  Zergling x14  
  133  8:37  Zergling x6  
  136  8:46  Zergling x12  
Show
View Real Time Build Order
Export as new Build Order

Classic Protoss - Winner!

Build Orders: 1 Gate Expand, Oracle Opening 

Get SALT Encoding   

  12  0:00  Probe  
  13  0:14  Pylon  
  13  0:18  Probe (Chrono Boost)  
  14  0:27  Probe (Chrono Boost)  
  15  0:32  Probe (Chrono Boost)  
  16  0:39  Gateway  
  16  0:44  Probe  
  16  0:49  Assimilator  
  17  0:56  Probe  
  18  1:08  Probe  
  19  1:20  Probe  
  20  1:27  Nexus  
  20  1:32  Probe  
  21  1:39  Cybernetics Core  
  21  1:44  Probe  
  22  1:47  Assimilator  
  22  1:55  Pylon  
  22  1:56  Probe  
  23  2:13  Probe, Adept (Chrono Boost)  
  24  2:20  Stargate  
  26  2:25  Probe  
  27  2:30  Warp Gate  
  27  2:35  Adept  
  29  2:37  Probe (Chrono Boost)  
  29  2:39  Probe (Chrono Boost)  
  31  2:48  Probe (Chrono Boost)  
  31  2:49  Probe (Chrono Boost)  
  33  2:53  Probe (Chrono Boost)  
  33  2:54  Probe (Chrono Boost)  
  35  3:03  Oracle (Chrono Boost), Probe  
  39  3:05  Probe  
  39  3:12  Pylon  
  40  3:16  Probe  
  40  3:17  Probe  
  42  3:24  Gateway  
  44  3:28  Probe  
  44  3:29  Stalker  
  44  3:30  Probe  
  46  3:36  Oracle (Chrono Boost)  
  46  3:40  Probe  
  50  3:42  Probe  
  51  3:54  Nexus  
  51  4:01  Pylon  
  49  4:06  Probe x2  
  49  4:10  Oracle (Chrono Boost)  
  52  4:23  Probe x2  
  54  4:25  Adept x2  
  54  4:27  Pylon  
  58  4:32  Assimilator  
  58  4:33  Assimilator  
  58  4:35  Probe x2  
  60  4:46  Twilight Council  
  60  4:48  Forge  
  60  4:51  Probe x2  
  58  5:07  Adept x2  
  58  5:08  Probe x2 (Chrono Boost)  
  58  5:13  Gateway  
  65  5:14  Probe (Chrono Boost)  
  65  5:16  Gateway  
  65  5:17  Probe x2 (Chrono Boost)  
  68  5:21  Probe (Chrono Boost)  
  68  5:22  Probe x2 (Chrono Boost)  
  68  5:24  Protoss Ground Weapons Level 1 (Chrono Boost)  
  70  5:29  Blink  
  70  5:32  Probe  
  70  5:34  Probe x2  
  73  5:41  Robotics Facility  
  73  5:44  Probe  
  73  5:46  Probe x2  
  73  5:47  Pylon  
  76  5:50  Gateway  
  76  5:53  Gateway  
  76  5:56  Probe (Chrono Boost)  
  77  5:59  Assimilator  
  77  6:02  Assimilator  
  77  6:05  Probe (Chrono Boost)  
  77  6:09  Probe (Chrono Boost)  
  77  6:10  Probe (Chrono Boost), Stalker x2  
  84  6:15  Probe x2 (Chrono Boost)  
  84  6:17  Probe (Chrono Boost)  
  87  6:25  Pylon  
  87  6:28  Robotics Facility, Robotics Bay  
  87  6:29  Warp Prism  
  89  6:48  Stalker x6  
  89  6:51  Photon Cannon  
  89  6:52  Pylon  
  97  6:56  Probe  
  97  6:57  Pylon  
  98  7:05  Observer  
  98  7:08  Nexus, Pylon  
  99  7:19  Stalker  
  99  7:20  Stalker x4  
  99  7:21  Stalker  
  111  7:27  Pylon  
  111  7:39  Colossus x2 (Chrono Boost)  
  123  8:00  Adept x2, Pylon  
  123  8:02  Pylon  
  123  8:03  Gateway  
  127  8:06  Gateway  
  127  8:08  Gateway  
  127  8:14  Probe x3  
  130  8:25  Colossus x2 (Chrono Boost)  
  134  8:36  Stalker x6  
  139  8:57  Stalker  
  139  9:01  Stalker  
  139  9:02  Stalker x6  
  143  9:03  Stalker  
Tags
 
Add a new tag
Caveats
  • Supply blocks, unpowered buildings, or Contaminate may cause inaccurate times.
  • Supply counts are checked every 10 seconds.